 Dungeon Crawl Stone Soup version 0.21-a0-440-g28109cb (console) character file.

287084 hexaflexagon the Spear-Bearer (level 19, -11/182 HPs)
             Began as a Minotaur Conjurer on Nov 11, 2017.
             Was the Champion of Vehumet.
             Killed from afar by a frost giant (43 damage)
             ... with a bolt of cold
             ... on level 4 of the Vaults.
             The game lasted 03:42:21 (67916 turns).

hexaflexagon the Spear-Bearer (Minotaur Conjurer)  Turns: 67916, Time: 03:42:21

Health: -11/182    AC: 18    Str: 16    XL:     19   Next: 85%
Magic:  43/43      EV: 19    Int: 22    God:    Vehumet [******]
Gold:   2476       SH:  0    Dex: 10    Spells: 3/42 levels left

rFire    + . .     SeeInvis .   a - +8 demon trident (elec)
rCold    . . .     Gourm    .   b - +2 buckler {rF+}
rNeg     . . .     Faith    .   c - +0 acid dragon scales
rPois    +         Spirit   .   V - +2 hat of Fallacy {MP+9}
rElec    .         Reflect  .   W - +2 cloak {rPois}
rCorr    +         Harm     .   j - +0 pair of gloves
MR       +....     Clarity  +   G - +2 pair of boots of the Hippo {Slay+3}
Stlth    +.........             k - amulet of Vitality {Regen+ HP+15}
HPRegen  0.80/turn              D - ring of wizardry
MPRegen  0.28/turn              q - +4 ring of intelligence

@: confused, about to teleport
A: retaliatory headbutt, horns 2, repulsion field 1, clarity
}: 2/15 runes: decaying, gossamer
a: Renounce Religion


You were on level 4 of the Vaults.
You worshipped Vehumet.
Vehumet was exalted by your worship.
You were not hungry.

You visited 8 branches of the dungeon, and saw 38 of its levels.
You visited the Abyss 1 time.
You also visited: Labyrinth and Volcano.

You collected 4022 gold pieces.
You spent 1546 gold pieces at shops.

Inventory:

Hand Weapons
 a - a +8 demon trident of electrocution (weapon)
Armour
 b - a +2 buckler of fire resistance (worn)
 c - +0 acid dragon scales (worn)
 j - a +0 pair of gloves (worn)
 G - the +2 pair of boots of the Hippo (worn) {Slay+3}
   (You found it on level 8 of the Dungeon)

   It affects your accuracy and damage with ranged weapons and melee attacks
   (+3).
 V - the +2 hat of Fallacy (worn) {MP+9}
   (You found it on level 3 of the Vaults)

   It affects your magic capacity (+9).
 W - a +2 cloak of poison resistance (worn)
Jewellery
 k - the amulet of Vitality (around neck) {Regen+ HP+15}
   (You bought it in a shop on level 2 of the Orcish Mines)

   [amulet of regeneration]

   It affects your health (+15).
   It increases your rate of regeneration.
 m - an uncursed ring of protection from cold
 q - a +4 ring of intelligence (right hand)
 D - a ring of wizardry (left hand)
 F - the ring of Ikkum {+Blink EV+3 Dex+3}
   (You found it on level 6 of the Lair of Beasts)

   [ring of evasion]

   It affects your evasion (+3).
   It affects your dexterity (+3).
   It lets you blink.
Wands
 p - a wand of acid (0/15)
 s - a wand of digging (0/24)
 J - a wand of confusion (17/48)
 L - a wand of iceblast (3/15)
 R - a wand of lightning (9/15)
 U - a wand of enslavement (6/24)
 X - a wand of disintegration (12/24)
Scrolls
 e - 11 scrolls of remove curse
 f - 5 scrolls of amnesia
 g - 13 scrolls of fog
 n - 5 scrolls of recharging
 o - 3 scrolls of immolation
 w - 9 scrolls of enchant armour
 y - 4 scrolls of fear
 E - a scroll of blinking
 H - 3 scrolls of magic mapping
 I - a scroll of vulnerability
 Q - 4 scrolls of silence
 Y - 19 scrolls of identify
Potions
 h - 3 potions of brilliance
 t - a potion of resistance
 u - 3 potions of haste
 v - a potion of curing
 x - a potion of flight
 A - a potion of cancellation
 B - 5 potions of mutation
 M - 5 potions of magic
 O - 4 potions of agility
 T - 5 potions of berserk rage
 Z - 3 potions of might
Books
 r - a book of Summonings

   Spells                             Type                      Level
   a - Recall                         Summoning/Translocation      3
   b - Aura of Abjuration             Summoning                    5
   c - Summon Demon                   Summoning                    5
   d - Summon Forest                  Summoning/Translocation      5
   e - Summon Mana Viper              Hexes/Summoning              5
   f - Shadow Creatures               Summoning                    6
 S - a book of Power

   Spells                             Type                      Level
   a - Iskenderun's Battlesphere      Conjuration/Charms           5
   b - Venom Bolt                     Conjuration/Poison           5
   c - Bolt of Magma                  Conjuration/Fire/Earth       5
   d - Iron Shot                      Conjuration/Earth            6
   e - Orb of Destruction             Conjuration                  7
   f - Spellforged Servitor           Conjuration/Summoning        7
Miscellaneous
 d - a sack of spiders
 K - a lamp of fire
 N - a fan of gales
Comestibles
 l - 46 chunks of flesh
 C - 17 bread rations
 P - a royal jelly


   Skills:
 - Level 14.0 Fighting
 - Level 14.0 Polearms
 - Level 9.0 Armour
 - Level 12.0 Dodging
 - Level 4.0 Stealth
 - Level 4.0 Shields
 - Level 12.0 Spellcasting
 + Level 12.9 Conjurations
 - Level 4.0 Charms
 + Level 9.6 Summonings
 - Level 8.0 Ice Magic
 - Level 4.0 Air Magic
 - Level 4.0 Earth Magic
 - Level 6.0 Evocations


You had 3 spell levels left.
You knew the following spells:

 Your Spells              Type           Power        Failure   Level  Hunger
c - Conjure Flame         Conj/Fire      #####...     1%          3    None
k - Iskenderun's Battles  Conj/Chrm      ######..     1%          5    ####...
l - Summon Lightning Spi  Summ/Air       #####...     1%          4    None
z - Shock                 Conj/Air       ####         1%          1    None
C - Bolt of Cold          Conj/Ice       ######....   1%          6    #####..
I - Iron Shot             Conj/Erth      ######....   3%          6    #####..
O - Orb of Destruction    Conj           ######....   3%          7    #######
S - Spellforged Servitor  Conj/Summ      ######....   6%          7    #######


Dungeon Overview and Level Annotations

Branches:
Dungeon (15/15)            Temple (1/1) D:5            Lair (6/6) D:9
  Swamp (4/4) Lair:4       Spider (4/4) Lair:3        Slime (0/5) Lair:6
    Orc (2/2) D:10            Elf (2/3) Orc:2        Vaults (4/5) D:14
  Crypt (0/3) Vaults:3     Depths (0/5) D:15

Altars:
Ashenzari
Cheibriados
Dithmenos
Elyvilon
Fedhas
Gozag
Hepliaklqana
Kikubaaqudgha
Makhleb
Nemelex Xobeh
Okawaru
Qazlal
Ru
Sif Muna
Trog
Uskayaw
Vehumet
Wu Jian
Xom
Yredelemnul
Zin
The Shining One
Lugonu

Shops:
Orc:1 }   Orc:2 *([:   Elf:2 !

Annotations:
Lair:2 Harold
Lair:4 Kirke
Swamp:1 Donald
Elf:2 5 runed doors


Innate Abilities, Weirdness & Mutations

You reflexively headbutt those who attack you in melee.
You have a pair of horns on your head.
You are surrounded by a mild repulsion field. (EV +2)
You possess an exceptional clarity of mind.


Message History

The freezing wraith drains your spellforged servitor's vigour!
Your spellforged servitor seems to slow down.
Your spellforged servitor casts a spell at the frost giant.
The bolt of cold hits the freezing wraith.
The freezing wraith completely resists.
The bolt of cold hits the frost giant.
The frost giant resists.
The yaktaur shoots a bolt.
The bolt closely misses your spellforged servitor.
The bolt hits you.
* * * LOW HITPOINT WARNING * * *
The hornet stings you but does no damage.
You hear a shout!
An ironbrand convoker comes into view. It is wielding a dire flail.
You feel better. You block the hornet's attack.
The freezing wraith hits your spellforged servitor.
Your spellforged servitor is destroyed!
You are confused.
You feel invigorated. The hornet barely misses you.
The frost giant casts a spell at you. The bolt of cold hits you!
You die...

####.......####
#..####.####..#
#.....#.#.....#
##.##.....##.###
(#.###...###.#.#
.#..###.###(.#.#########
)##).#####..##.#........
([[).># #......#........
)##).#####.)##.#@.......
.#..###.###).#.#y.......
)#.###...###.#.(.)W..p..
##.##.....##.###.cC.....
#.....#.#.....##........
#[.####.####..##...c....
####.......#####........
######### #........
#####'###


You could see a frost giant, an ironbrand convoker, 2 yaktaurs, a freezing
wraith and a hornet.

Vanquished Creatures
  Bai Suzhen (Swamp:3)
  Arachne (Spider:2)
  A lich (Vaults:3)
  Rupert (Lair:4)
  2 tengu reavers
  A storm dragon (Vaults:4)
  Roxanne (Spider:1)
  2 deep elf sorcerers (Vaults:2)
  A frost giant (Vaults:2)
  2 emperor scorpions (Spider:4)
  5 vault wardens
  4 ghost moths
  9 ironheart preservers
  3 entropy weavers
  3 stone giants
  A deep elf annihilator (Vaults:2)
  A spark wasp (Spider:1)
  A purple draconian (Abyss:2)
  2 deep elf death magi
  Snorg (Lair:6)
  A minotaur (Lab)
  A blizzard demon (Abyss:2)
  3 fire dragons (Swamp:4)
  2 yaktaur captains
  A great orb of eyes (Vaults:3)
  3 ogre magi
  A vault guard (Vaults:3)
  A rakshasa (Vaults:2)
  2 ghost crabs
  An ice dragon (Vaults:4)
  A catoblepas (Lair:3)
  17 hydras
  3 merfolk avatars
  6 centaur warriors
  9 two-headed ogres
  A death knight (Vaults:3)
  6 dancing weapons
  4 alligators
  14 death yaks
  2 thrashing horrors (Abyss:2)
  2 orc high priests (Orc:2)
  Urug (Lair:4)
  Sonja (Lair:1)
  A soul eater (Abyss:2)
  9 deep elf knights
  3 shadow wraiths
  4 skeletal warriors
  A fire crab (Swamp:4)
  3 unseen horrors
  2 glowing orange brains
  5 deep trolls
  A spriggan druid (Swamp:2)
  2 wizards (Vaults:3)
  5 deep elf archers
  10 orc knights
  A wolf spider zombie (D:14)
  2 lindwurms (Swamp:4)
  5 swamp dragons
  9 harpies
  28 deep elf magi
  6 ironbrand convokers
  4 orb spiders
  A worldbinder (Abyss:2)
  4 orc sorcerers
  16 wolf spiders
  5 cyclopes
  11 ugly things
  A salamander (shapeshifter) (Vaults:3)
  3 oklob plants (Lair:4)
  2 moths of wrath (Spider:1)
  An elephant (shapeshifter) (Vaults:2)
  5 elephants (Lair:6)
  Maurice (D:9)
  4 black mambas
  7 vault sentinels
  A centaur zombie (D:11)
  5 centaur skeletons
  3 gargoyles
  20 spiny frogs
  A molten gargoyle (Volcano)
  2 orange demons (Abyss:2)
  3 rime drakes
  10 yaktaurs
  3 demonic crawlers (Spider:1)
  6 komodo dragons
  2 freezing wraiths
  A kobold demonologist (D:13)
  An ancient zyme (Abyss:2)
  A minotaur zombie (Lab)
  2 tengu conjurers (Vaults:3)
  14 jumping spiders
  6 trolls
  Grinder (D:4)
  A meliai (shapeshifter) (Abyss:2)
  13 hornets
  3 polar bears (Lair:6)
  3 raiju
  A wind drake (Lair:6)
  The ghost of tof the Twirler, an amateur DsGl (D:4)
  2 tyrant leeches
  A meliai zombie (D:13)
  A wolf spider simulacrum (D:14)
  13 slime creatures
  A blink frog (shapeshifter) (Vaults:4)
  15 blink frogs
  Prince Ribbit (Lair:3)
  16 hippogriffs
  10 dream sheep
  A bog body (Swamp:4)
  3 air elementals (Elf:1)
  36 redbacks
  38 yaks
  A shadow (Swamp:2)
  14 spriggans
  2 water elementals
  16 tarantellas
  3 wraiths
  Eustachio (D:5)
  A fire elemental (Volcano)
  A hog (shapeshifter) (Vaults:1)
  3 wyverns
  6 hungry ghosts
  Grum (D:9)
  4 hogs
  2 small abominations (Abyss:2)
  2 basilisks
  7 vampire mosquitoes
  A steam dragon (Swamp:4)
  10 wargs
  Edmund (D:4)
  3 large abominations (Abyss:2)
  17 swamp worms
  5 insubstantial wisps
  19 water moccasins
  A water moccasin (shapeshifter) (Vaults:1)
  11 swamp drakes
  11 porcupines
  25 orc warriors
  Purgy (D:4)
  A hornet zombie (D:7)
  3 ice beasts
  2 sky beasts
  36 wolves
  3 boggarts (Vaults:1)
  21 ogres
  2 eyes of draining
  A black bear (D:9)
  2 phantoms (D:10)
  17 centaurs
  A necrophage (D:6)
  4 big kobolds
  12 crocodiles
  19 bullfrogs
  A wyvern zombie (D:13)
  4 scorpions
  A wyvern skeleton (D:9)
  3 troll zombies (D:10)
  9 wights
  55 killer bees
  6 electric eels
  2 howler monkeys (D:9)
  A bullfrog zombie (D:13)
  2 crimson imps
  8 jellies
  2 quasits
  12 orc priests
  21 orc wizards
  8 hounds
  A bullfrog skeleton (D:12)
  3 iron imps (Abyss:2)
  Ijyb (D:4)
  Jessica (D:3)
  4 iguanas
  Natasha (D:2)
  12 worker ants
  A killer bee zombie (D:9)
  5 ogre zombies (D:10)
  A hound zombie (D:9)
  A hound skeleton (D:6)
  A worker ant zombie (D:6)
  A howler monkey zombie (D:7)
  A gnoll (D:10)
  12 adders
  6 shadow imps
  An ufetubus (Abyss:2)
  6 oozes
  3 adder zombies
  An adder skeleton (D:7)
  A worm (D:2)
  4 dart slugs
  8 leopard geckos
  81 orcs
  3 ball pythons
  7 giant cockroaches
  6 goblins
  3 hobgoblins
  12 jackals
  6 quokkas
  A bat (D:3)
  2 frilled lizards (D:1)
  A giant cockroach zombie (D:5)
  A goblin skeleton (D:10)
  6 goblin zombies
  3 hobgoblin skeletons (D:10)
  3 hobgoblin zombies
  27 kobolds
  A kobold skeleton (D:8)
  3 kobold zombies (D:8)
  2 leopard gecko skeletons (D:4)
  7 orc skeletons
  15 orc zombies
  A quokka skeleton (D:6)
  A quokka zombie (D:9)
  5 rats
  A briar patch (Swamp:3)
  2 bushes (Lair:1)
  A fire vortex (Swamp:4)
  A fungus (Lair:2)
  2 plants (Lair:1)
  A starspawn tentacle (Abyss:2)
1239 creatures vanquished.

Vanquished Creatures (collateral kills)
  Nikola (Spider:4)
  A tentacled starspawn (Abyss:2)
  A tengu reaver (Vaults:3)
  A deep elf sorcerer (Vaults:2)
  A fire giant (D:15)
  Louise (D:15)
  A cacodemon (Abyss:2)
  4 emperor scorpions
  2 very ugly things
  4 ironheart preservers
  3 stone giants
  The ghost of nikopol the Eclecticist, a journeyman DEFE of Sif Muna (Spider:1)
  An entropy weaver (Spider:1)
  Josephine (D:15)
  A yaktaur captain (Vaults:3)
  3 hydras
  A rakshasa (D:13)
  2 vault guards (Vaults:1)
  A merfolk avatar (Swamp:3)
  2 death knights
  2 centaur warriors
  7 two-headed ogres
  4 ogre magi
  3 alligators
  A death yak (Lair:6)
  An orc high priest (Orc:2)
  4 deep troll earth magi
  5 dancing weapons
  A thrashing horror (Abyss:2)
  A large abomination (D:14)
  Nergalle (Lair:1)
  9 skeletal warriors
  4 deep elf knights
  A sixfirhy (Abyss:2)
  2 deep trolls
  A wizard (Vaults:3)
  5 swamp dragons
  11 deep elf archers
  A lindwurm (Lair:6)
  3 ironbrand convokers
  A spriggan druid (Swamp:3)
  6 orc knights
  A necromancer (Vaults:1)
  2 harpies (Vaults:2)
  10 orb spiders
  17 wolf spiders
  2 oklob plants (Lair:6)
  An orc sorcerer (Orc:2)
  10 deep elf magi
  A moth of wrath (Spider:4)
  8 vault sentinels
  2 cyclopes
  7 ugly things
  A guardian serpent (shapeshifter) (D:15)
  A gargoyle (D:11)
  2 spiny frogs
  2 freezing wraiths
  8 yaktaurs
  A komodo dragon (Lair:6)
  6 demonic crawlers
  A tengu conjurer (Vaults:3)
  11 jumping spiders
  4 trolls
  2 tyrant leeches
  A minotaur zombie (Lab)
  5 hornets
  A queen bee (shapeshifter) (Vaults:1)
  A hornet (shapeshifter) (Vaults:1)
  21 slime creatures
  2 bog bodies
  A raiju (Abyss:2)
  A frost giant simulacrum (Vaults:3)
  A dream sheep (shapeshifter) (Vaults:1)
  25 redbacks
  A spriggan (shapeshifter) (Vaults:1)
  11 tarantellas
  2 spriggans
  4 wraiths (D:15)
  2 yaks
  4 water elementals
  4 vampire mosquitoes
  A basilisk (D:11)
  2 steam dragons (Swamp:4)
  A hungry ghost (D:14)
  A warg (Vaults:1)
  3 spatial vortices (Swamp:2)
  12 swamp worms
  A naga (shapeshifter) (Vaults:1)
  An acid dragon (Vaults:2)
  A swamp drake (Swamp:4)
  8 orc warriors
  4 centaurs
  5 ogres
  2 crocodiles (Lair:6)
  A big kobold (D:13)
  A bullfrog (Lair:3)
  4 killer bees (D:12)
  An electric eel (D:15)
  2 orc priests
  3 orc wizards (Orc:2)
  11 orcs
  2 kobolds (D:13)
  A fungus (Orc:2)
362 creatures vanquished.

Vanquished Creatures (others)
  2 swamp dragons (Swamp:4)
  2 orb spiders
  A spiny frog (Lair:6)
  A rime drake (Lair:6)
  A redback (Spider:2)
  A tarantella (Spider:4)
  2 steam dragons (Swamp:4)
  3 swamp drakes (Swamp:4)
  2 bushes
  A fire vortex (Swamp:4)
  50 fungi
  30 plants
  2 starspawn tentacles (Abyss:2)
98 creatures vanquished.

Grand Total: 1699 creatures vanquished

Notes
Turn   | Place    | Note
-------+----------+-------------------------------------------
     0 | D:1      | hexaflexagon the Minotaur Conjurer began the quest for the Orb.
     0 | D:1      | Reached XP level 1. HP: 14/14 MP: 1/1
   403 | D:1      | Reached XP level 2. HP: 14/20 MP: 0/3
  1605 | D:2      | Reached XP level 3. HP: 10/26 MP: 1/5
  2031 | D:2      | Found a white marble altar of Elyvilon.
  2174 | D:2      | Noticed Natasha
  2255 | D:2      | Found a faded altar of an unknown god.
  2592 | D:3      | Found a sacrificial altar of Ru.
  2599 | D:3      | Reached XP level 4. HP: 27/33 MP: 1/6
  2704 | D:3      | Learned a level 2 spell: Searing Ray
  3114 | D:3      | Noticed Jessica
  3124 | D:3      | Killed Jessica
  3452 | D:3      | Reached XP level 5. HP: 25/38 MP: 8/8
  3686 | D:3      | Found a sparkling altar of Nemelex Xobeh.
  3816 | D:3      | Reached skill level 1 in Fighting
  3873 | D:3      | You fall through a shaft for 3 floors!
  4048 | D:5      | Entered Level 5 of the Dungeon
  4089 | D:4      | Noticed Grinder
  4091 | D:4      | Paralysed by Grinder for 2 turns
  4098 | D:4      | Paralysed by Grinder for 6 turns
  4108 | D:4      | Killed Grinder
  4108 | D:4      | Reached XP level 6. HP: 26/51 MP: 2/9
  4324 | D:4      | Noticed Edmund
  4455 | D:4      | Noticed tof's ghost (amateur DsGl)
  5294 | D:2      | Killed Natasha
  5746 | D:4      | Found a stormy altar of Qazlal.
  5994 | D:4      | Noticed Purgy
  6744 | D:5      | Found a staircase to the Ecumenical Temple.
  6759 | D:5      | Reached XP level 7. HP: 40/59 MP: 10/10
  6865 | D:5      | Noticed Ijyb
  6875 | D:4      | Reached skill level 5 in Conjurations
  7129 | D:4      | Killed Ijyb
  7129 | D:4      | Reached skill level 5 in Fighting
  7598 | D:5      | Noticed Eustachio
  8330 | D:5      | Killed Eustachio
  8343 | Temple   | Entered the Ecumenical Temple
  8553 | D:4      | Killed Edmund
  8553 | D:4      | Reached XP level 8. HP: 68/68 MP: 11/13
  8563 | D:4      | Killed tof's ghost
  8571 | D:4      | Killed Purgy
  9080 | D:6      | Found a burning altar of Makhleb.
  9383 | D:7      | Reached skill level 5 in Spellcasting
  9555 | D:7      | Found a radiant altar of Vehumet.
  9580 | D:7      | Became a worshipper of Vehumet
 10047 | D:7      | Reached XP level 9. HP: 59/73 MP: 6/16
 10555 | D:7      | Reached * piety under Vehumet
 10555 | D:7      | Offered knowledge of Sandblast by Vehumet.
 10591 | D:7      | Learned a level 1 spell: Sandblast
 10839 | D:8      | Found a shadowy altar of Dithmenos.
 10918 | D:8      | Found a glowing golden altar of the Shining One.
 10934 | D:8      | Reached skill level 1 in Shields
 11035 | D:8      | Reached skill level 1 in Earth Magic
 11143 | D:8      | Noticed a purple ugly thing
 11385 | D:8      | Noticed a centaur warrior
 11401 | D:9      | Gained mutation: You possess an exceptional clarity of mind. [potion of mutation]
 11401 | D:9      | Gained mutation: You are surrounded by a mild repulsion field. (EV +2) [potion of mutation]
 11759 | D:9      | Reached ** piety under Vehumet
 11872 | D:9      | Offered knowledge of Shock by Vehumet.
 12179 | D:9      | Noticed a two-headed ogre
 12181 | D:9      | Learned a level 1 spell: Shock
 12222 | D:8      | Killed a centaur warrior
 12222 | D:8      | Reached XP level 10. HP: 30/81 MP: 14/18
 12714 | D:9      | Found a staircase to the Lair.
 12856 | D:8      | Noticed a four-headed hydra
 12889 | D:9      | Offered knowledge of Conjure Flame by Vehumet.
 12897 | D:9      | Noticed Maurice
 12931 | D:8      | Noticed a manticore
 13272 | D:8      | Learned a level 3 spell: Conjure Flame
 13579 | D:8      | Found a bloodstained altar of Trog.
 13778 | D:8      | Killed a purple ugly thing
 13778 | D:8      | Reached *** piety under Vehumet
 13842 | D:8      | Noticed a deep elf mage
 13962 | D:8      | Killed a deep elf mage
 13990 | D:8      | Got a pair of ancient boots
 14035 | D:8      | Identified the +2 pair of boots of the Hippo {Slay+3} (You found it on level 8 of the Dungeon)
 14346 | D:9      | Found an ornate altar of the Wu Jian Council.
 14383 | D:9      | Noticed Grum
 14417 | D:9      | Killed Grum
 14417 | D:9      | Reached skill level 5 in Dodging
 14494 | D:9      | Found Eppav's Distillery.
 14709 | D:9      | Found a deep blue altar of Sif Muna.
 14729 | D:9      | Found a shimmering altar of Xom.
 14730 | D:9      | Found a basalt altar of Yredelemnul.
 14780 | D:9      | Found a deep blue altar of Sif Muna.
 14869 | D:9      | Killed a two-headed ogre
 14890 | D:9      | Found a shimmering altar of Xom.
 14891 | D:9      | Found a basalt altar of Yredelemnul.
 14902 | D:9      | Found a staircase to the Lair.
 15149 | D:9      | Found an ornate altar of the Wu Jian Council.
 15247 | D:9      | Killed Maurice
 15247 | D:9      | Reached XP level 11. HP: 87/94 MP: 8/19
 15433 | D:10     | Entered Level 10 of the Dungeon
 15480 | D:10     | Noticed a two-headed ogre
 15557 | D:10     | Offered knowledge of Airstrike by Vehumet.
 15629 | D:10     | Noticed a brown ugly thing
 15636 | D:10     | Learned a level 4 spell: Airstrike
 15664 | D:10     | Noticed a two-headed ogre
 15690 | D:10     | Killed a two-headed ogre
 15757 | D:10     | Found a staircase to the Orcish Mines.
 15822 | D:10     | Reached **** piety under Vehumet
 16183 | D:10     | Killed a brown ugly thing
 16191 | D:10     | Offered knowledge of Stone Arrow by Vehumet.
 16197 | D:10     | Learned a level 3 spell: Stone Arrow
 16723 | D:10     | Killed a two-headed ogre
 17169 | D:11     | Reached skill level 1 in Evocations
 17456 | Lair:1   | Entered Level 1 of the Lair of Beasts
 17465 | Lair:1   | Reached ***** piety under Vehumet
 17502 | Lair:1   | Noticed Nergalle
 17693 | Lair:1   | Noticed Sonja
 17823 | Lair:1   | Offered knowledge of Bolt of Cold by Vehumet.
 17839 | Lair:1   | Reached skill level 1 in Air Magic
 17946 | Lair:1   | Learned a level 6 spell: Bolt of Cold
 18731 | Lair:2   | Noticed a four-headed hydra
 18776 | Lair:2   | Reached XP level 12. HP: 86/101 MP: 16/22
 19230 | Lair:2   | Noticed a catoblepas
 19615 | Lair:2   | Killed a four-headed hydra
 19770 | Lair:2   | Noticed Harold
 20564 | Lair:3   | Reached skill level 1 in Ice Magic
 20855 | Lair:3   | Reached skill level 10 in Conjurations
 21072 | Lair:3   | Noticed a six-headed hydra
 21430 | Lair:3   | Noticed Prince Ribbit
 21727 | Lair:3   | Found a hole to the Spider Nest.
 21857 | Lair:3   | Killed a six-headed hydra
 21951 | Lair:3   | Reached skill level 5 in Ice Magic
 22129 | Lair:3   | Killed a catoblepas
 22285 | Lair:3   | Killed Prince Ribbit
 22290 | Lair:3   | Reached XP level 13. HP: 69/107 MP: 7/24
 22667 | Lair:4   | Found a staircase to the Swamp.
 22803 | Lair:4   | Found a dark tunnel.
 22824 | Volcano  | Entered a volcano
 23201 | Lair:4   | Noticed Rupert
 23279 | Lair:4   | Noticed Urug
 24250 | Lair:4   | Noticed Kirke
 24683 | Lair:4   | Killed Urug
 25339 | Lair:5   | Offered knowledge of Iskenderun's Battlesphere by Vehumet.
 25360 | Lair:5   | Learned a level 5 spell: Iskenderun's Battlesphere
 25431 | Lair:5   | Got an encrusted executioner's axe
 25438 | Lair:5   | Identified the +3 executioner's axe of Law {holy, +Rage rElec MP+9 Int-3} (You found it on level 5 of the Lair of Beasts)
 25480 | Lair:5   | Reached skill level 5 in Evocations
 26107 | Lair:5   | Reached skill level 1 in Charms
 26579 | Lair:6   | Entered Level 6 of the Lair of Beasts
 26579 | Lair:6   | Noticed Snorg
 26806 | Lair:6   | Reached XP level 14. HP: 93/115 MP: 17/26
 26822 | Lair:6   | Learned a level 4 spell: Summon Lightning Spire
 26858 | Lair:6   | Found a labyrinth entrance.
 26867 | Lab      | Entered a labyrinth
 27174 | Lab      | Reached skill level 1 in Summonings
 28406 | Lair:6   | Found a staircase to the Slime Pits.
 28616 | Lair:6   | Found the cursed +13 scythe of Curses {drain, *Curse}
 28633 | Lair:6   | Got a shimmering wooden ring
 28649 | Lair:6   | Identified Exto Olu's Catalogue of the Ashen Frostbite
 28753 | Lair:6   | Killed Snorg
 29262 | Orc:1    | Entered Level 1 of the Orcish Mines
 29262 | Orc:1    | Found Zuvvuope's Gadget Shoppe.
 29265 | Orc:1    | Reached skill level 10 in Spellcasting
 29303 | Orc:1    | Offered knowledge of Orb of Destruction by Vehumet.
 29542 | D:10     | Learned a level 7 spell: Orb of Destruction
 29661 | Orc:1    | Identified the ring of Ikkum {+Blink EV+3 Dex+3} (You found it on level 6 of the Lair of Beasts)
 30111 | Orc:2    | Entered Level 2 of the Orcish Mines
 30175 | Orc:2    | Found Goguc's Book Shop.
 30329 | Orc:2    | Found a staircase to the Elven Halls.
 30554 | Orc:2    | Noticed an orc warlord
 30596 | Orc:2    | Found Goraepro's Antique Armour Shoppe.
 30976 | Orc:2    | Found Kenloer's Antique Weapon Shop.
 31608 | Orc:2    | Found Vimoat's General Store.
 31637 | Orc:2    | Noticed a stone giant
 31773 | Orc:2    | Killed a stone giant
 32968 | D:11     | Offered knowledge of Poison Arrow by Vehumet.
 33200 | D:11     | Reached XP level 15. HP: 96/121 MP: 28/28
 33999 | D:12     | Offered knowledge of Spellforged Servitor by Vehumet.
 34018 | D:12     | Learned a level 7 spell: Spellforged Servitor
 34782 | D:13     | Reached skill level 5 in Summonings
 36226 | D:14     | Found a corrupted altar of Lugonu.
 36562 | D:14     | Found a transporter.
 36574 | D:14     | Offered knowledge of Conjure Ball Lightning by Vehumet.
 37178 | D:14     | Found a gate to the Vaults.
 37249 | D:15     | Entered Level 15 of the Dungeon
 38035 | D:15     | Found a staircase to the Depths.
 38035 | D:15     | Noticed a fire giant
 38057 | D:15     | Killed a fire giant
 38197 | D:15     | Noticed Josephine
 38207 | D:15     | Killed Josephine
 38296 | D:15     | Noticed Louise
 38319 | D:15     | Killed Louise
 39289 | Orc:2    | Bought a slimy leather armour for 203 gold pieces
 39299 | Orc:2    | Identified the +2 leather armour of Giat Sal {Stlth+} (You bought it in a shop on level 2 of the Orcish Mines)
 39351 | Orc:2    | Bought the amulet of Vitality {Regen+ HP+15} for 1343 gold pieces
 39351 | Orc:2    | Found the amulet of Vitality {Regen+ HP+15}
 39475 | Lair:1   | Killed Nergalle
 39515 | Lair:1   | Killed Sonja
 40647 | Swamp:1  | Entered Level 1 of the Swamp
 40994 | Swamp:1  | Noticed Donald
 41760 | Swamp:2  | Reached ****** piety under Vehumet
 41769 | Swamp:2  | Reached XP level 16. HP: 86/128 MP: 14/30
 42716 | Swamp:2  | Offered knowledge of Iron Shot by Vehumet.
 42975 | Swamp:2  | You fall through a shaft!
 42975 | Swamp:3  | Found a shattered altar of Ashenzari.
 43275 | Swamp:3  | Noticed a thorn hunter
 43744 | Swamp:3  | Noticed Bai Suzhen
 43953 | Spider:1 | Entered Level 1 of the Spider Nest
 43980 | Spider:1 | Noticed nikopol's ghost (journeyman DEFE)
 44142 | Spider:1 | Learned a level 6 spell: Iron Shot
 44636 | Spider:1 | Killed nikopol's ghost
 44765 | Spider:1 | Got a ripped robe
 44776 | Spider:1 | Identified the +1 robe "Ixexuileva" {rN+ Dex-3 SInv} (You found it on level 1 of the Spider Nest)
 44878 | Spider:1 | Noticed Roxanne
 44913 | Spider:1 | Killed Roxanne
 45980 | Spider:2 | Noticed Arachne
 45992 | Spider:1 | Reached skill level 10 in Fighting
 46271 | Spider:1 | Offered knowledge of Glaciate by Vehumet.
 46271 | Spider:1 | Offered knowledge of Chain Lightning by Vehumet.
 46271 | Spider:1 | Offered knowledge of Tornado by Vehumet.
 46419 | Spider:1 | Reached skill level 1 in Armour
 47482 | Elf:1    | Entered Level 1 of the Elven Halls
 47506 | Elf:1    | Reached skill level 1 in Polearms
 48798 | Elf:1    | Found an ancient bone altar of Kikubaaqudgha.
 48852 | Elf:1    | Reached skill level 5 in Armour
 49497 | Elf:2    | Reached XP level 17. HP: 140/140 MP: 32/32
 49841 | Elf:2    | Found Nuecwap's Distillery.
 49876 | Elf:2    | Reached skill level 5 in Polearms
 50363 | Elf:2    | Found a huge runed gate.
 50371 | Elf:2    | Found a huge runed gate.
 50371 | Elf:2    | Found a huge runed gate.
 50371 | Elf:2    | Found a huge runed gate.
 50373 | Elf:2    | Found a huge runed gate.
 50876 | Lair:4   | Found a staircase to the Swamp.
 51065 | Lair:4   | Killed Rupert
 52216 | Swamp:3  | Killed Bai Suzhen
 52929 | Swamp:4  | Entered Level 4 of the Swamp
 53496 | Swamp:4  | Reached skill level 10 in Polearms
 54149 | Swamp:4  | Got a decaying rune of Zot
 55115 | Spider:2 | Killed Arachne
 56306 | Spider:4 | Entered Level 4 of the Spider Nest
 56498 | Spider:4 | Noticed Nikola
 56518 | Spider:4 | Killed Nikola
 57088 | Spider:4 | Reached XP level 18. HP: 128/151 MP: 28/33
 58393 | Spider:4 | Got a gossamer rune of Zot
 59331 | Vaults:1 | Entered Level 1 of the Vaults
 63310 | Vaults:2 | Reached skill level 10 in Dodging
 64314 | Vaults:2 | Reached XP level 19. HP: 163/163 MP: 30/34
 65086 | Vaults:3 | Found a staircase to the Crypt.
 65862 | Vaults:3 | Got a ripped robe
 65898 | Vaults:3 | Identified the +2 robe of Muttered Phrases {rF+} (You took it off an ironheart preserver on level 3 of the Vaults)
 65985 | Vaults:3 | Found a bloodstained altar of Trog.
 66044 | Vaults:3 | Cast into level 2 of the Abyss (a wizard)
 66050 | Abyss:2  | Found a corrupted altar of Lugonu.
 66433 | Vaults:3 | Escaped the Abyss
 66599 | Vaults:3 | Found a radiant altar of Vehumet.
 66640 | Vaults:3 | Got an ichor-stained hat
 66651 | Vaults:3 | Identified the +2 hat of Fallacy {MP+9} (You found it on level 3 of the Vaults)
 66665 | Vaults:3 | Got a distressingly furry robe
 66676 | Vaults:3 | Identified the cursed +1 robe "Fenwyin" {*Slow rPois MR- Str+9} (You found it on level 3 of the Vaults)
 67916 | Vaults:4 | Killed from afar by a frost giant

Vault maps used:
D:1:      minmay_arrival_pointy
D:2:      nicolae_overflow_crystal_walls, chequers_ecumenical_altar_simple,
          first_bread, uniq_natasha
D:3:      lemuel_round_altar, hangedman_ru_absence, uniq_jessica
D:4:      nicolae_qazlal_eye_of_the_storm, minmay_misc_feat_tiny, st_stairs_13,
          uniq_grinder, uniq_edmund, uniq_purgy
D:5:      minmay_temple_entry_mist, uniq_ijyb, uniq_eustachio
D:6:      makhleb_blood_cavern_becter
D:7:      statuecave_lemuel, vehumet_crystals
D:8:      minmay_the_grid_triangle_9x9_recursive_2,
          nicolae_tso_besieged_by_evil, lemuel_coloured_pillars_altar,
          kennysheep_mini_moat, hangedman_little_slice_of_home
D:9:      nicolae_overflow_hidden_temple, kennysheep_mini,
          gammafunk_temple_overflow_statue, erik_lair_orcish_takeover,
          serial_shops, nicolae_shop_stone, uniq_grum, uniq_maurice
D:10:     zombieorc2_lemuel, kennysheep_generic_room_5
D:11:     kb_forest_paths
D:12:     wad_woods_minihive
D:14:     gammafunk_corrupted_shrine, david_vaults_2
D:15:     grunt_enter_depths_giant_problem, minmay_strange_pillars,
          serial_bayou_crossing, uniq_louise, uniq_josephine
Temple:   dpeg_three_leaves_temple
Lair:1:   serial_forest, infiniplex_forest_lined_3_way,
          infiniplex_forest_straight_2, infiniplex_forest_straight_1,
          infiniplex_forest_lined_3_way, infiniplex_forest_end_2,
          infiniplex_forest_straight_4, infiniplex_forest_end_double,
          uniq_nergalle, uniq_sonja
Lair:2:   grunt_megastairs_4, lemuel_fruit_tree, uniq_harold
Lair:3:   spider_nest_entry_rubble, fungi_pond_lemuel,
          grunt_forest_large_clearings, uniq_prince_ribbit2
Lair:4:   minmay_swamp_entry_reptiles, lightli_volcano_entry_magma_tube,
          dpeg_oklob_1, uniq_kirke, uniq_rupert, uniq_urug
Lair:5:   serial_bayou_pond_d, grunt_megastairs_2, serial_bayou_shore_b
Lair:6:   gammafunk_lair_ancient_temple, minmay_slime_entry_oklob_enclosed,
          lab_entry_generic, uniq_snorg
Swamp:1:  hangedman_swamp_ruin_hall, swamp_pool2, uniq_donald
Swamp:2:  evilmike_swamp_ruin_rubble_2
Swamp:3:  hangedman_swamp_blocks, swamp_pool4, nicolae_swamp_godswood,
          grunt_lady_of_the_lake, uniq_bai_suzhen
Swamp:4:  swamp_fiery, swamp_pool4, infiniplex_staircase_pool_2
Spider:1: spider_trap, einodemon_crawler_minivault, uniq_roxanne
Spider:2: uniq_arachne
Spider:3: nicolae_spider_cling_ruins
Spider:4: grunt_spider_rune_island, uniq_nikola
Orc:1:    serial_shops, shop_coins
Orc:2:    grunt_orc_gardens, grunt_orc_garden, grunt_orc_garden,
          grunt_orc_garden, grunt_orc_garden
Elf:1:    eino_elf_arrival_customs, basic_altar, evilmike_minifort,
          roderic_three_in_a_row, uniq_asterion
Elf:2:    serial_shops, shop, uniq_jorgrun
Vaults:1: nicolae_vaults_diagonal_hallway_7, nicolae_vaults_mini_display_case,
          hangedman_vaults_corner, vaults_room_fours,
          nicolae_vaults_little_squares_3, grunt_vaults_diagonal,
          hangedman_vaults_locks, st_octagons_1,
          nicolae_vaults_little_squares_6, vaults_dpeg_diagonal, v_misc_31
Vaults:2: hangedman_vaults_corner_blocks, nicolae_vaults_little_squares_6,
          v_pattern_3, hangedman_vaults_stream, grunt_vaults_twisty,
          hangedman_vaults_slice, vaults_dpeg_encased_lava,
          ontoclasm_vaults_eye, hangedman_vaults_snaps, grunt_vaults_focal,
          ontoclasm_vaults_ring_small, nicolae_vaults_ring_of_whatevers,
          ontoclasm_vaults_ring_square
Vaults:3: v_alt_pattern_3, v_misc_19, ontoclasm_vaults_decontamination,
          nicolae_vaults_network_periphery, vaults_mumra_hex,
          vaults_room_octagon, vaults_room_pool, vaults_mumra_chevron_long,
          nicolae_vaults_stairing_the_circle, grunt_tower_of_power,
          nicolae_vaults_little_squares_2, vaults_room_door_ring, basic_altar
Vaults:4: hangedman_vaults_stitches, vaults_room_grid, vaults_room_glass_cross,
          v_misc_10, nicolae_vaults_ninety_degrees,
          nicolae_vaults_twisting_passages, v_misc_25, hangedman_vaults_cutoff,
          ontoclasm_vaults_ligature, nicolae_vaults_network_s, v_misc_22,
          ontoclasm_vaults_claustrophobia, ontoclasm_vaults_misaligned,
          vaults_room_semicircle
Abyss:2:  evilmike_abyss_exit_11
Lab:      labyrinth_hidden_loot, nicolae_lab_stuck
Volcano:  volcano_overflow

Skill      XL: |  1  2  3  4  5  6  7  8  9 10 11 12 13 14 15 16 17 18 19 |
---------------+----------------------------------------------------------+-----
Spellcasting   | 2 3 4 5 6 7 8 9 10 11 12 | 12.0
Conjurations   | 3 4 5 6 8 9 10 11 12 | 12.9
Fighting       | 3 4 5 7 8 10 11 13 14 | 14.0
Shields        | 4 |  4.0
Earth Magic    | 3 4 |  4.0
Stealth        | 3 4 |  4.0
Dodging        | 5 6 7 10 12 | 12.0
Evocations     | 3 4 6 |  6.0
Air Magic      | 1 4 |  4.0
Ice Magic      | 5 7 8 |  8.0
Charms         | 2 4 |  4.0
Summonings     | 4 6 8 9 |  9.6
Armour         | 5 7 9 |  9.0
Polearms       | 4 12 13 14 | 14.0

Action                   |  1- 3 |  4- 6 |  7- 9 | 10-12 | 13-15 | 16-18 | 19-21 || total
-------------------------+-------+-------+-------+-------+-------+-------+-------++-------
Melee: Unarmed           |    24 |       |       |       |       |       |       ||    24
       Headbutt          |     5 |     6 |    37 |   112 |   222 |   150 |    59 ||   591
       Hand axe          |    29 |       |       |       |       |       |       ||    29
       Dagger            |    11 |    83 |   303 |   649 |  1189 |       |       ||  2235
       War axe           |     1 |    13 |       |       |       |       |       ||    14
       Demon trident     |       |       |       |       |    77 |  1291 |   504 ||  1872
 Cast: Magic Dart        |    51 |     2 |       |       |     3 |       |       ||    56
       Searing Ray       |       |     9 |    33 |    96 |    25 |       |       ||   163
       Shock             |       |       |       |    14 |    68 |       |       ||    82
       Sandblast         |       |       |       |    12 |    50 |       |       ||    62
       Airstrike         |       |       |       |     2 |    14 |       |       ||    16
       Stone Arrow       |       |       |       |     1 |       |       |       ||     1
       Conjure Flame     |       |       |       |     8 |    51 |     3 |       ||    62
       Bolt of Cold      |       |       |       |     3 |    77 |   134 |       ||   214
       Iskenderun's Batt |       |       |       |       |    18 |       |       ||    18
       Summon Lightning  |       |       |       |       |    67 |    35 |     4 ||   106
       Orb of Destructio |       |       |       |       |    24 |    47 |       ||    71
       Spellforged Servi |       |       |       |       |    28 |   100 |    24 ||   152
       Iron Shot         |       |       |       |       |       |    26 |     1 ||    27
 Abil: Evoke Berserk Rag |       |       |       |     1 |       |       |       ||     1
       Evoke Blink       |       |       |       |       |       |     3 |       ||     3
Evoke: Wand              |       |       |       |    12 |    26 |     8 |       ||    46
       Sack of spiders   |       |       |       |     2 |       |       |       ||     2
       Lamp of fire      |       |       |       |       |     1 |     1 |       ||     2
  Use: Scroll            |     2 |     3 |     3 |     4 |    31 |    17 |     4 ||    64
       Potion            |     1 |     4 |     9 |     4 |     6 |     7 |     5 ||    36
 Stab: Sleeping          |     2 |     2 |       |     2 |    11 |    10 |     2 ||    29
       Invisible         |       |       |     5 |       |       |       |       ||     5
       Distracted        |       |       |       |     3 |     6 |    10 |     9 ||    28
       Petrified         |       |       |       |     7 |       |       |       ||     7
       Confused          |       |       |       |       |     1 |       |       ||     1
  Eat: Chunk             |     6 |    10 |    13 |    31 |    91 |   113 |    21 ||   285
       Fruit             |       |     2 |     4 |     4 |    31 |    15 |     4 ||    60
       Royal jelly       |       |     1 |     2 |       |     7 |     7 |       ||    17
       Meat ration       |       |       |     1 |       |       |    11 |       ||    12
       Bread ration      |       |       |       |       |       |     1 |       ||     1
Armor: Robe              |    13 |     8 |     1 |       |       |       |       ||    22
       Leather armour    |       |       |    76 |    65 |       |       |       ||   141
       Skin              |       |       |    33 |       |       |       |       ||    33
       Troll leather arm |       |       |       |   130 |   413 |    19 |       ||   562
       Swamp dragon scal |       |       |       |       |       |   557 |       ||   557
       Acid dragon scale |       |       |       |       |       |     2 |    79 ||    81
Dodge: Dodged            |    45 |    59 |   255 |   729 |  1118 |   887 |   175 ||  3268
Block: Buckler           |       |       |    15 |   200 |   447 |   392 |    78 ||  1132

Table legend:
 A = Spawn XP
 B = Non-spawn XP
 C = Spawn XP percentage of total XP
 D = Spawn monster count
 E = Non-spawn monster count
 F = Spawn count percentage of total count
 G = Total turns spent on level
                    A         B        C        D         E        F      G
               +---------+---------+-------+---------+---------+-------+---------
         Total |    7690 |  452522 |   1.7 |      19 |    1573 |   1.2 | 67916
               +---------+---------+-------+---------+---------+-------+---------
           D:1 |       0 |      28 |   0.0 |       0 |      14 |   0.0 |  1243
           D:2 |       0 |     104 |   0.0 |       0 |      15 |   0.0 |  1426
           D:3 |       0 |     251 |   0.0 |       0 |      25 |   0.0 |  2721
           D:4 |       0 |    1043 |   0.0 |       0 |      15 |   0.0 |  2187
           D:5 |       0 |     460 |   0.0 |       0 |      17 |   0.0 |  1028
           D:6 |       0 |     154 |   0.0 |       0 |       5 |   0.0 |   674
           D:7 |       0 |    1793 |   0.0 |       0 |      38 |   0.0 |  1693
           D:8 |       0 |    3295 |   0.0 |       0 |      67 |   0.0 |  1984
           D:9 |       0 |    4195 |   0.0 |       0 |      47 |   0.0 |  2918
          D:10 |       0 |    4988 |   0.0 |       0 |      64 |   0.0 |  1742
          D:11 |       0 |    8813 |   0.0 |       0 |      43 |   0.0 |  1812
          D:12 |       0 |    8309 |   0.0 |       0 |     100 |   0.0 |  1297
          D:13 |       0 |    9831 |   0.0 |       0 |      53 |   0.0 |  1614
          D:14 |       0 |   11777 |   0.0 |       0 |      36 |   0.0 |  1726
          D:15 |       0 |   14351 |   0.0 |       0 |      46 |   0.0 |  1694
        Lair:1 |       0 |    5136 |   0.0 |       0 |      20 |   0.0 |  1737
        Lair:2 |       0 |    6939 |   0.0 |       0 |      32 |   0.0 |  2189
        Lair:3 |       0 |   11173 |   0.0 |       0 |      56 |   0.0 |  2613
        Lair:4 |       0 |   10415 |   0.0 |       0 |      31 |   0.0 |  2379
        Lair:5 |       0 |   10048 |   0.0 |       0 |      31 |   0.0 |  2362
        Lair:6 |       0 |   24998 |   0.0 |       0 |      62 |   0.0 |  2055
       Swamp:1 |       0 |    4128 |   0.0 |       0 |      17 |   0.0 |  1337
       Swamp:2 |       0 |   14153 |   0.0 |       0 |      43 |   0.0 |  1920
       Swamp:3 |       0 |   16666 |   0.0 |       0 |      35 |   0.0 |  1621
       Swamp:4 |       0 |   18124 |   0.0 |       0 |      48 |   0.0 |  1394
      Spider:1 |       0 |   22242 |   0.0 |       0 |      70 |   0.0 |  3661
      Spider:2 |       0 |    8612 |   0.0 |       0 |      23 |   0.0 |   727
      Spider:3 |       0 |    9686 |   0.0 |       0 |      28 |   0.0 |   755
      Spider:4 |       0 |   30739 |   0.0 |       0 |      73 |   0.0 |  2185
         Orc:1 |       0 |    2727 |   0.0 |       0 |      36 |   0.0 |   798
         Orc:2 |       0 |    8916 |   0.0 |       0 |      41 |   0.0 |  1965
         Elf:1 |       0 |   23353 |   0.0 |       0 |      45 |   0.0 |  1800
         Elf:2 |       0 |    9225 |   0.0 |       0 |      17 |   0.0 |  1311
      Vaults:1 |       0 |   32613 |   0.0 |       0 |      64 |   0.0 |  3285
      Vaults:2 |       0 |   44580 |   0.0 |       0 |      80 |   0.0 |  2239
      Vaults:3 |       0 |   35167 |   0.0 |       0 |      73 |   0.0 |  1991
      Vaults:4 |       0 |   25655 |   0.0 |       0 |      48 |   0.0 |   671
       Abyss:2 |    7690 |    4772 |  61.7 |      19 |       8 |  70.4 |   389
           Lab |       0 |    1578 |   0.0 |       0 |       3 |   0.0 |   347
       Volcano |       0 |    1485 |   0.0 |       0 |       4 |   0.0 |   342
               +---------+---------+-------+---------+---------+-------+---------
